 Dungeon Crawl Stone Soup version 0.26-a0-227-g1af32d979d (webtiles) character file.

Game seed: 16250857042283682012

107 ICC the Digger (level 4, -1/36 HPs)
             Began as a Deep Dwarf Earth Elementalist on July 7, 2020.
             Slain by a leopard gecko (2 damage)
             ... on level 2 of the Dungeon.
             The game lasted 00:13:53 (1600 turns).

ICC the Digger (Deep Dwarf Earth Elementalist)      Turns: 1600, Time: 00:13:54

Health: -1/36      AC:  3    Str: 11 (12) XL:     4   Next: 57%
Magic:  2/7        EV: 12    Int: 13 (16) God:
Gold:   143        SH:  0    Dex: 11 (13) Spells: 1/7 levels left

rFire    + . .     SeeInvis .   s - +0 short sword (speed)
rCold    . . .     Faith    .   (no shield)
rNeg     . . .     Spirit   .   c - +0 robe
rPois    .         Reflect  .   j - +0 helmet "Ilohuvvo" {rF+} (curse)
rElec    .         Harm     .   (no cloak)
rCorr    .                      (no gloves)
MR       .....                  (no boots)
Stlth    ++........             (no amulet)
HPRegen  0.00/turn              (no ring)
MPRegen  0.10/turn              (no ring)

@: mighty, lethally poisoned (-1 -> -1), non-regenerating
A: damage resistance, heal wounds, sense surroundings 1, no regeneration
a: Heal Wounds


You were on level 2 of the Dungeon.
You were not hungry.

You visited 1 branch of the dungeon, and saw 2 of its levels.

You collected 143 gold pieces.

Inventory:

Hand Weapons
 d - a +0 hunting sling
 s - a +0 short sword of speed (weapon)
Missiles
 b - 46 stones (quivered)
Armour
 c - a +0 robe (worn)
 j - the cursed +0 helmet "Ilohuvvo" (worn) {rF+}
   (You took it off Robin on level 2 of the Dungeon)

   It protects you from fire.
   It has a curse placed upon it.
Scrolls
 a - a scroll of enchant weapon {unknown}
 e - 2 scrolls of remove curse {unknown}
 f - 2 scrolls of enchant armour {unknown}
 h - 5 scrolls of identify {unknown}
Comestibles
 i - 3 rations


   Skills:
 - Level 2.1 Dodging
 - Level 3.0 Stealth
 - Level 2.0 Spellcasting
 + Level 1.8 Conjurations
 - Level 1.0 Transmutations
 + Level 6.0 Earth Magic


You had one spell level left.
You knew the following spells:

 Your Spells              Type           Power        Failure   Level
a - Sandblast             Erth           ###...       2%          1
b - Passwall              Tmut/Erth      ##......     9%          2
c - Stone Arrow           Conj/Erth      ##....       16%         3

Your spell library contained the following spells:

 Spells                   Type           Power        Failure   Level
 Corona                   Hex            #......      26%         1
 Ensorcelled Hibernation  Hex/Ice        #.....       36%         2
 Dazzling Flash           Conj/Hex       #.....       47%         3
 Petrify                  Tmut/Erth      ##......     52%         4
 Lee's Rapid Deconstruct  Erth           ###.......   52%         5
 Confusing Touch          Hex            #.......     58%         3
 Tukima's Dance           Hex            #.......     58%         3


Dungeon Overview and Level Annotations

Branches:
Dungeon (2/15)

Altars:


Innate Abilities, Weirdness & Mutations

You are resistant to damage.
You can heal yourself by infusing magical energy.
You passively map a small area around you.
You do not regenerate.


Message History

b - 47 stones You see here an adder corpse.
A leopard gecko comes into view.
Found 16 stones.
It was a potion of might.
You feel very mighty all of a sudden.
Casting: Sandblast (safe; 2% risk of failure)
Confirm with . or Enter, or press ? or * to list all spells.
You can't see any susceptible monsters within range! (Use Z to cast anyway.)
Casting: Sandblast (safe; 2% risk of failure)
Confirm with . or Enter, or press ? or * to list all spells.
Aiming: Sandblast (safe; 2% risk of failure)
Press: ? - help, Shift-Dir - straight line, f - leopard gecko
Aim: a leopard gecko The blast of sand misses the leopard gecko.
b - 46 stones The leopard gecko closely misses you.
You completely miss the leopard gecko. You closely miss the leopard gecko.
The leopard gecko bites you.
You die...

.######## #.#.#.#.####.
........######### #.#.#.#.# #.
.######.........# #.#.#.#.# #. .#
##..#### #.# #.....#.# ##+ ##
##...## #.# #.#.###.###(. .##
#....†#####.# #.......##.<.
..###........##(# ##..#####....
...##.....##.##.#####...####.÷...
...+............@l.........+.....
...####...##.##.#####...####.....
..## ##........# ####..# ##...g
.## #####.#### #.....# ##.g. ####
#.# #.##### ##.. ...# #.# #.# ##'
##.# ..# #.# ######. ##)#### ###
#.# #...... ..)...####
#.#######.####.


You could see a leopard gecko.

Vanquished Creatures
  A worker ant (D:2)
  Robin (D:2)
  2 adders (D:2)
  A dart slug (D:2)
  3 bats (D:2)
  2 giant cockroaches
  11 goblins
  9 hobgoblins
  6 jackals (D:1)
  2 quokkas (D:2)
  2 frilled lizards (D:1)
  3 kobolds
  3 rats (D:2)
46 creatures vanquished.

Notes
Turn   | Place    | Note
-------+----------+-------------------------------------------
     0 | D:1      | ICC the Deep Dwarf Earth Elementalist began the quest for
                  | the Orb.
     0 | D:1      | Reached XP level 1. HP: 15/15 MP: 3/3
    89 | D:1      | Reached XP level 2. HP: 17/22 MP: 0/5
   226 | D:1      | Learned a level 2 spell: Passwall
   566 | D:1      | Reached skill level 1 in Transmutations
   567 | D:1      | Reached skill level 5 in Earth Magic
   754 | D:2      | Reached XP level 3. HP: 19/28 MP: 6/6
   759 | D:2      | Learned a level 3 spell: Stone Arrow
   848 | D:2      | Identified the cursed +0 helmet "Ilohuvvo" {rF+}
   848 | D:2      | Noticed Robin
  1024 | D:2      | Reached skill level 1 in Conjurations
  1024 | D:2      | Reached XP level 4. HP: 17/36 MP: 2/7
  1097 | D:2      | Killed Robin
  1584 | D:2      | HP: 1/36 [adder (1)]
  1586 | D:2      | Reached skill level 6 in Earth Magic
  1600 | D:2      | Slain by a leopard gecko

Illustrated notes

Levels and vault maps discovered:
D:1:      psy_arrival_fountain, layout_basic
D:2:      layout_loops_corners, first_ration, minmay_domino_4, uniq_robin

Skill      XL: |  1  2  3  4 |
---------------+-------------+-----
Spellcasting   | 2 |  2.0
Stealth        | 3 |  3.0
Transmutations | 1 |  1.0
Earth Magic    | 5 6 |  6.0
Conjurations   | 1 |  1.8
Dodging        | |  2.1

Action                   |  1- 3 |  4- 6 || total
-------------------------+-------+-------++-------
Melee: Club              |    31 |       ||    31
       Short sword       |    35 |    36 ||    71
 Fire: Hunting sling     |     3 |       ||     3
Throw: Stone             |     1 |     2 ||     3
 Cast: Sandblast         |    29 |    24 ||    53
       Passwall          |     2 |     2 ||     4
  Use: Potion            |       |     4 ||     4
 Stab: Sleeping          |     3 |     1 ||     4
  Eat: Ration            |       |     1 ||     1
Armor: Robe              |     5 |     4 ||     9
       Skin              |       |     7 ||     7
Dodge: Dodged            |    47 |    29 ||    76

Table legend:
 A = Non-vault XP
 B = Vault XP
 C = Vault XP percentage of total XP
 D = Non-vault monster count
 E = Vault monster count
 F = Vault count percentage of total count
                 A         B        C        D         E       F
            +---------+---------+-------+---------+---------+-------
      Total |      88 |      66 |  42.9 |      35 |      11 |  23.9
            +---------+---------+-------+---------+---------+-------
        D:1 |      36 |       4 |  10.0 |      20 |       2 |   9.1
        D:2 |      52 |      62 |  54.4 |      15 |       9 |  37.5
            +---------+---------+-------+---------+---------+-------
